 Dungeon Crawl Stone Soup version 0.31-a0-246-g8cbcc1cb85 (webtiles) character file.

Game seed: 10109947336704520826

443 LynnLen the Sneak (level 6, 0/8 HPs)
             Began as a Spriggan Enchanter on July 12, 2023.
             Killed from afar by Dowan (6 damage)
             ... with a puff of flame
             ... on level 4 of the Dungeon.
             The game lasted 00:13:48 (3979 turns).

LynnLen the Sneak (Spriggan Enchanter)              Turns: 3979, Time: 00:13:50

Health: 0/8        AC:  0    Str:  4    XL:     6   Next: 71%
Magic:  11/11      EV: 22    Int: 16    God:
Gold:   257        SH:  0    Dex: 18    Spells: 2/10 levels left

rFire   . . .        a - +1 dagger
rCold   . . .        (no shield)
rNeg    . . .        h - melded +0 troll leather armour
rPois   .            (helmet restricted)
rElec   .            (no cloak)
rCorr   .            (gloves unavailable)
SInv    +            (boots unavailable)
Will    +....        (no amulet)
Stlth   ++++         e - +5 ring of evasion
HPRegen 0.21/turn    (no ring)
MPRegen 0.12/turn

%: no passive effects
@: maw-form, very quick
A: devouring maw, reduced hp, very small, no large weapons, unfitting armour,
see invisible, speed 3
a: no special abilities


You were on level 4 of the Dungeon.
You were a creature with a mouth for a stomach.
You visited 1 branch of the dungeon, and saw 4 of its levels.

You collected 257 gold pieces.

Inventory:

Hand Weapons
 a - a +1 dagger (weapon)
Missiles
 f - 15 poisoned darts
Armour
 b - a +0 robe
 h - a +0 troll leather armour (melded)
Jewellery
 e - a +5 ring of evasion (left hand)
Talismans
 r - a maw talisman
Wands
 m - a wand of charming (8)
Scrolls
 d - a scroll of fear {unknown}
 g - a scroll of amnesia
 j - a scroll of brand weapon
 k - a scroll of enchant armour
 l - 2 scrolls of fog {unknown}
 n - a scroll of immolation {unknown}
 o - 2 scrolls of teleportation {unknown}
Potions
 c - 2 potions of invisibility
 i - a potion of heal wounds
 p - a potion of ambrosia {unknown}
 q - a potion of haste {unknown}


   Skills:
 + Level 3.6 Short Blades
 - Level 2.6 Dodging
 * Level 7.1 Stealth
 - Level 2.6 Spellcasting
 + Level 5.3 Hexes
 + Level 1.8 Ice Magic
 + Level 2.0 Evocations
 + Level 2.1 Shapeshifting


You had 2 spell levels left.
You knew the following spells:

 Your Spells              Type           Power      Damage    Failure   Level
a - Ensorcelled Hibernat  Hex/Ice        26%        N/A       7%          2
b - Confusing Touch       Hex            19%        N/A       6%          3
c - Tukima's Dance        Hex            19%        N/A       6%          3

Your spell library contained the following spells:

 Spells                   Type           Power      Damage    Failure   Level
 Summon Small Mammal      Summ           8%         N/A       19%         1
 Dazzling Flash           Conj/Hex       20%        N/A       19%         3
 Summon Guardian Golem    Hex/Summ       10%        N/A       19%         3
 Call Canine Familiar     Summ           2%         N/A       50%         3
 Stone Arrow              Conj/Erth      4%         3d7       50%         3
 Yara's Violent Unravell  Hex/Tmut       5%         3d4       87%         5
 Animate Armour           Summ/Erth      4%         N/A       88%         4
 Passage of Golubria      Tloc           2%         N/A       88%         4
 Lehudib's Crystal Spear  Conj/Erth      1%         10d2      100%        8


Dungeon Overview and Level Annotations

Branches:
Dungeon (4/15)
 Temple: D:4-7

Altars:
Kikubaaqudgha
Uskayaw

Shops:
D:1 (

Annotations:
D:4 Dowan


Innate Abilities, Weirdness & Mutations

You are a creature with a mouth for a stomach.
Your midsection houses a second, enormous mouth.
Your maximum health is decreased, since you lack skill for your form.
You are very small and have problems with some larger weapons.
You are too small for most types of armour.
You have supernaturally acute eyesight. (SInv)
You cover ground extremely quickly. (Speed+++)


Message History

The quokka is heavily wounded.
The quokka misses you.
You hit the quokka.
You kill the quokka!
Things that are here:
4 boomerangs of dispersal; a quokka corpse An orc and an endoplasm come into view.
The endoplasm quivers.
There are monsters nearby!
You hit the endoplasm.
The endoplasm is heavily wounded.
The endoplasm freezes you.
You are frozen.
You hit the endoplasm.
You kill the endoplasm!
You start resting.
HP restored.
Okay, then.
You begin transforming.
You continue transforming. x3
You turn into a creature with a mouth for a stomach.
Your +0 troll leather armour melds into your body.
A goblin comes into view. It is wielding a +0 club.
Found an escape hatch in the floor.
The orc shouts!
You hit the orc. You bite the orc, but do no damage.
The orc is lightly wounded.
The orc completely misses you.
Dowan, Brother of Duvessa comes into view.
He is wielding a +0 dagger.
You hit the orc. You bite the orc.
The orc is severely wounded.
The orc misses you.
You hit the orc but do no damage. You bite the orc.
The orc is almost dead.
The orc misses you.
The goblin throws a stone.
The stone completely misses you.
You hit the orc but do no damage. Your bite misses the orc.
The orc is almost dead.
The orc hits you with a +0 club.
Dowan points at you and mumbles some strange words.
The puff of flame hits you.
Ouch! That really hurt!
You die...

...#........
####....>......
..............
##............
#.............
#.............
#.....o.......
#.....Wg......
#.............
##.#..........
#.#.......e..
#.#....##....
#.#....# ....
#.#######....
#.###........
#............


You could see Dowan, an orc and a goblin.

Vanquished Creatures
  A bullfrog (D:4)
  A scorpion (D:4)
  A wight (D:4)
  A jelly (D:4)
  Terence (D:3)
  3 adders
  A worm (D:3)
  6 dart slugs
  5 orcs
  4 ball pythons
  6 bats
  7 endoplasms
  A giant cockroach (D:3)
  5 hobgoblins
  A jackal (D:4)
  6 kobolds
  5 quokkas
  5 frilled lizards
  8 goblins
  A rat (D:1)
69 creatures vanquished.

Vanquished Creatures (collateral kills)
  2 wights (D:4)
2 creatures vanquished.

Vanquished Creatures (others)
  2 dancing weapons (D:4)
2 creatures vanquished.

Grand Total: 73 creatures vanquished

Notes
Turn   | Place    | Note
-------+----------+-------------------------------------------
     0 | D:1      | LynnLen the Spriggan Enchanter began the quest for the Orb.
     0 | D:1      | Reached XP level 1. HP: 9/9 MP: 5/5
   130 | D:1      | Found Figiript's Antique Weapon Shop.
   367 | D:1      | Found a faded altar of an unknown god.
   368 | D:1      | Noticed a shining eye
   370 | D:1      | Noticed a great orb of eyes
   421 | D:1      | Reached XP level 2. HP: 13/13 MP: 6/6
   424 | D:1      | Learned a level 2 spell: Ensorcelled Hibernation
   588 | D:1      | Noticed a floating eye
   597 | D:1      | Noticed an eye of devastation
   829 | D:2      | Reached skill level 5 in Stealth
  1041 | D:2      | Reached XP level 3. HP: 16/16 MP: 8/8
  1541 | D:3      | Learned a level 3 spell: Confusing Touch
  1571 | D:3      | Noticed Terence
  1580 | D:3      | Killed Terence
  1600 | D:3      | Reached XP level 4. HP: 18/21 MP: 2/9
  1606 | D:3      | Learned a level 3 spell: Tukima's Dance
  2055 | D:3      | Found a hide-covered altar of Uskayaw.
  2948 | D:4      | Reached skill level 6 in Stealth
  2948 | D:4      | Reached skill level 1 in Ice Magic
  2948 | D:4      | Reached skill level 1 in Shapeshifting
  2948 | D:4      | Reached XP level 5. HP: 21/24 MP: 2/10
  3134 | D:4      | Reached skill level 5 in Hexes
  3140 | D:4      | Reached skill level 1 in Evocations
  3445 | D:4      | Reached XP level 6. HP: 28/28 MP: 6/11
  3634 | D:4      | Found an ancient bone altar of Kikubaaqudgha.
  3886 | D:4      | Reached skill level 7 in Stealth
  3976 | D:4      | Noticed Dowan
  3979 | D:4      | Killed from afar by Dowan

Illustrated notes

Levels and vault maps discovered:
D:1:      giann_bridges, layout_loops_ring, serial_shops, shop,
          hellmonk_ecumenical_altar_watching_god
D:2:      layout_basic, kennysheep_crisscross, minmay_tree_intersection
D:3:      layout_basic, mainiacjoe_overflow_small_starburst, nrook_campfire,
          kennysheep_cross_room, nicolae_concentric_dashed_squares_mild,
          chequers_garden, uniq_terence
D:4:      minmay_chambers_of_threes, layout_basic,
          mainiacjoe_overflow_cross_hatched, grunt_ministairs_1, minivault_23,
          uniq_duvessa

Skill      XL: |  1  2  3  4  5  6 |
---------------+-------------------+-----
Hexes          | 4 5 |  5.3
Short Blades   | 2 3 |  3.6
Stealth        | 5 6 7 |  7.1
Ice Magic      | 1 |  1.8
Shapeshifting  | 1 2 |  2.1
Evocations     | 1 2 |  2.0
Dodging        | |  2.6
Spellcasting   | |  2.6

Action                     |  1- 3 |  4- 6 || total
---------------------------+-------+-------++-------
  Melee: Dagger            |    86 |   231 ||   317
         Punch             |     1 |       ||     1
         Maw               |       |     3 ||     3
   Cast: Ensorcelled Hiber |     6 |     9 ||    15
         Tukima's Dance    |       |    10 ||    10
         Confusing Touch   |       |     1 ||     1
    Use: Scroll            |     4 |       ||     4
   Stab: Sleeping          |    12 |     9 ||    21
         Distracted        |     1 |       ||     1
 Armour: Robe              |     6 |       ||     6
         Troll leather arm |     9 |    20 ||    29
  Dodge: Dodged            |    70 |   187 ||   257
   Form: Maw               |       |     1 ||     1

Table legend: (Time is in decaauts)
 A = Elapsed time spent in this place.
 B = Non-inter-level travel time spent in this place.
 C = Inter-level travel time spent in this place.
 D = Time resting spent in this place.
 E = Time spent auto-exploring this place.
 F = Levels seen in this place.
 G = Mean time per level.
                   A        B        C        D        E       F      G
               +--------+--------+--------+--------+--------+-----+--------+
         Total |   2776 |   2677 |     99 |    438 |    877 |   4 |  694.0 |
       Dungeon |   2776 |   2677 |     99 |    438 |    877 |   4 |  694.0 |
               +--------+--------+--------+--------+--------+-----+--------+

Top non-repeatable levels by time:
     D:4: 897 daAuts
     D:3: 890 daAuts
     D:2: 522 daAuts
     D:1: 467 daAuts
